Map: Echo LE (Void)

Players

FAIRPLAY - Winner!

  • Race: Zerg Zerg

Bop

  • Race: Terran Terran

VOD

Have the link to the VOD?

Description

Time

  • Played on: May 2, 2015, 6:05 p.m.
  • Length: 14:30
Show
View Real Time Build Order
Export as new Build Order

FAIRPLAY Zerg - Winner!

Build Orders: Hatch First, Lurkers, Muta Ling Bane 

Get SALT Encoding   

  12  0:01  Drone  
  13  0:12  Drone  
  14  0:17  Extractor  
  14  0:18  Drone  
  15  0:23  Overlord  
  15  0:48  Hatchery  
  14  0:50  Drone  
  15  0:57  Drone, Extractor  
  15  1:11  Spawning Pool  
  15  1:14  Drone  
  15  1:18  Drone  
  16  1:21  Drone  
  17  1:25  Drone  
  18  1:36  Drone  
  19  1:47  Drone  
  20  1:57  Queen  
  20  2:00  Roach Warren  
  21  2:05  Queen  
  21  2:08  Zergling x2  
  24  2:11  Zergling x2  
  25  2:21  Overlord  
  25  2:42  Roach  
  25  2:45  Roach  
  27  2:59  Hatchery  
  27  3:00  Roach  
  27  3:02  Extractor  
  28  3:15  Overlord  
  28  3:32  Queen  
  28  3:33  Ravager x3  
  33  3:35  Drone x2  
  33  3:36  Drone  
  33  3:40  Overlord  
  36  3:55  Overlord  
  36  4:02  Drone x4  
  40  4:03  Drone x2  
  42  4:13  Hatchery  
  41  4:22  Queen  
  43  4:28  Drone x2  
  43  4:29  Extractor  
  44  4:33  Overlord  
  44  4:39  Overlord  
  44  4:41  Metabolic Boost  
  44  4:52  Overlord  
  44  4:53  Drone x3  
  47  5:00  Overlord  
  47  5:08  Lair  
  47  5:09  Drone  
  47  5:10  Extractor  
  47  5:12  Drone  
  47  5:13  Drone  
  49  5:17  Drone  
  50  5:25  Drone x4  
  54  5:34  Drone x2  
  56  5:38  Drone x3  
  56  5:39  Drone x2  
  61  5:43  Drone, Extractor  
  61  5:44  Drone  
  61  5:49  Drone  
  63  5:52  Zergling x2  
  63  5:56  Zergling x2  
  65  6:02  Drone x2  
  65  6:03  Spore Crawler  
  66  6:06  Queen  
  66  6:08  Zergling x2  
  66  6:09  Zergling x2  
  70  6:15  Drone x2  
  72  6:24  Zergling x2  
  72  6:25  Zergling x8  
  77  6:28  Overlord  
  77  6:30  Extractor  
  77  6:31  Extractor  
  77  6:32  Drone, Spire  
  75  6:33  Baneling Nest  
  75  6:34  Drone  
  75  6:42  Drone x3  
  78  6:49  Drone  
  78  6:53  Drone x2  
  81  6:59  Drone  
  82  7:03  Drone x2  
  82  7:04  Hydralisk Den  
  82  7:07  Evolution Chamber  
  82  7:09  Drone  
  82  7:14  Drone x2  
  82  7:15  Drone x3  
  88  7:24  Lurker Den  
  88  7:28  Drone  
  88  7:29  Drone  
  90  7:31  Overlord x2  
  90  7:37  Overlord  
  90  7:39  Zerg Missile Weapons Level 1  
  90  7:41  Centrifical Hooks  
  90  7:43  Baneling x7  
  90  7:47  Hatchery, Zerg Flyer Weapons Level 1  
  90  7:48  Mutalisk  
  91  7:52  Mutalisk x2  
  91  7:54  Mutalisk  
  91  7:56  Overseer  
  91  7:58  Mutalisk  
  97  8:00  Mutalisk  
  99  8:08  Drone  
  99  8:09  Drone x3  
  99  8:11  Drone x4  
  99  8:12  Drone x2  
  108  8:16  Mutalisk  
  107  8:28  Mutalisk x3  
  107  8:33  Overlord x3  
  113  8:50  Overlord  
  113  8:52  Hydralisk x3  
  113  8:53  Hydralisk x6  
  131  9:00  Drone x3  
  131  9:01  Drone x2  
  136  9:05  Drone x2  
  138  9:14  Overlord x2  
  136  9:28  Drone x4  
  136  9:29  Drone x6  
  146  9:31  Extractor  
  146  9:33  Extractor  
  146  9:36  Overlord x2  
  144  9:59  Zergling x14  
  155  10:00  Zergling x8  
  153  10:21  Lurker x4  
  154  10:22  Lurker x5  
  154  10:23  Overlord x2, Zerg Flyer Weapons Level 2  
  154  10:26  Baneling x6  
  154  10:27  Baneling x4  
  162  10:36  Mutalisk x5  
  162  10:38  Overseer  
  172  10:43  Spine Crawler, Zergling x2  
  172  10:44  Spine Crawler x2, Zergling x12  
  172  10:49  Zerg Missile Weapons Level 2, Muscular Augments  
  176  11:04  Zergling x2  
  176  11:05  Zergling x14  
  176  11:19  Zergling x4  
  176  11:20  Zergling x4  
  171  11:37  Zergling x20  
  168  11:46  Zergling x6  
  135  11:54  Zergling x8  
  133  12:01  Hydralisk x2  
  133  12:08  Hydralisk x3  
  137  12:15  Hydralisk x3  
  143  12:17  Baneling  
  143  12:18  Baneling x7  
  143  12:19  Baneling  
  143  12:21  Hydralisk x2  
  153  12:24  Hatchery  
  152  12:34  Hatchery, Infestation Pit, Hydralisk x3  
  152  12:35  Hydralisk  
  158  12:37  Mutalisk x2  
  158  12:40  Lurker x3  
  158  12:42  Zergling x2  
  166  12:44  Drone  
  166  12:47  Hatchery  
  166  12:49  Lurker x3  
  166  12:50  Lurker x4  
  173  12:52  Zergling x2  
  173  12:53  Zergling x4  
  163  13:07  Zergling x6  
  163  13:08  Zergling x4  
  153  13:16  Zergling x10  
  153  13:19  Lurker x2  
  161  13:20  Lurker x2  
  161  13:22  Zergling x10  
  167  13:27  Mutalisk  
  169  13:36  Zergling x2  
  169  13:37  Zergling x6  
  171  13:47  Hatchery  
  170  13:53  Baneling x11  
  170  13:54  Zergling x2, Baneling x6  
  170  13:55  Zergling x16  
  179  14:01  Extractor  
  177  14:05  Extractor  
Show
View Real Time Build Order
Export as new Build Order

Bop Terran 

Build Orders: Bio Tank, MMM Bio, Siege Tank Drop 

Get SALT Encoding   

  12  0:01  SCV  
  13  0:13  SCV  
  14  0:18  Supply Depot  
  14  0:25  SCV  
  15  0:39  SCV  
  15  0:42  Barracks  
  16  0:51  SCV  
  17  1:05  SCV  
  18  1:15  Command Center  
  18  1:18  SCV  
  19  1:31  Marine  
  19  1:32  Orbital Command  
  20  1:37  Refinery  
  20  1:44  Supply Depot  
  20  1:48  Marine  
  21  1:59  SCV  
  22  2:06  Marine  
  23  2:15  Bunker  
  23  2:20  SCV  
  24  2:23  Refinery  
  24  2:24  Marine  
  25  2:32  Orbital Command  
  25  2:33  Bunker  
  25  2:42  Marine  
  25  2:44  Factory  
  25  2:55  Bunker  
  26  3:00  Marine  
  26  3:16  SCV  
  26  3:17  SCV  
  29  3:23  Barracks  
  29  3:26  Supply Depot, Barracks Tech Lab  
  28  3:30  Factory Tech Lab  
  28  3:35  Starport  
  28  3:39  SCV  
  29  3:41  SCV  
  30  3:54  Siege Tank  
  33  3:59  SCV x2  
  35  4:11  SCV x2  
  36  4:19  Medivac  
  36  4:20  Barracks Reactor  
  36  4:21  Marauder  
  40  4:39  SCV x2  
  42  4:51  SCV  
  42  4:52  SCV  
  44  5:11  Marauder  
  44  5:12  Marine  
  44  5:13  Medivac, Marine  
  50  5:17  SCV  
  50  5:18  SCV  
  50  5:20  Refinery  
  50  5:21  Supply Depot, Refinery  
  52  5:29  SCV  
  52  5:30  SCV  
  54  5:40  Supply Depot  
  54  5:42  SCV, Siege Tank, Marauder  
  60  5:43  Command Center  
  60  5:54  Starport Tech Lab  
  60  5:56  SCV x2  
  62  5:57  Supply Depot x2  
  62  6:01  Marine x2  
  64  6:13  Engineering Bay  
  64  6:14  Siege Tank  
  64  6:16  Engineering Bay  
  65  6:31  Stimpack  
  62  6:33  Marauder, Marine x2  
  62  6:36  Barracks  
  62  6:37  Barracks  
  66  6:40  Barracks  
  66  6:43  Raven  
  66  6:45  Terran Infantry Weapons Level 1, Terran Infantry Armor Level 1  
  68  6:51  Marine x2  
  70  6:55  Marauder  
  70  6:57  Orbital Command  
  72  7:08  Marine  
  72  7:12  Marine  
  72  7:14  Siege Tank  
  77  7:16  Marauder  
  79  7:26  Marine  
  79  7:27  Barracks Reactor, Barracks Tech Lab  
  79  7:28  Barracks Tech Lab  
  80  7:30  Marine  
  81  7:38  Starport Reactor  
  81  7:39  Barracks  
  81  7:41  Orbital Command  
  81  7:42  Marauder  
  83  7:53  Armory  
  83  7:59  Marauder x2, Marine x2  
  83  8:03  Marine  
  87  8:17  Siege Tank  
  90  8:25  Marauder x3, Marine  
  97  8:31  Combat Shields  
  97  8:32  Concussive Shells  
  97  8:40  Medivac  
  99  8:41  Marine x2  
  99  8:48  Supply Depot x2  
  101  8:54  Supply Depot  
  101  8:55  Terran Infantry Weapons Level 2  
  101  8:59  SCV  
  101  9:07  SCV  
  101  9:08  Marauder  
  101  9:09  SCV, Marine x2  
  103  9:13  Missile Turret x2  
  97  9:26  Missile Turret  
  97  9:27  Missile Turret  
  97  9:29  Marine x6  
  99  9:40  Marine  
  100  9:47  Marine x5  
  105  9:59  Marine x2  
  104  10:04  Marine  
  104  10:05  Marine x4  
  102  10:17  Marine x2  
  104  10:23  Missile Turret  
  104  10:36  Missile Turret  
  104  10:43  Marine x6  
  110  11:09  Marine x6  
  116  11:14  Marine  
  117  11:28  Marine  
  117  11:29  Marine x2  
  117  11:30  Marine  
  109  11:39  Marine  
  98  11:40  Marine x2  
  98  11:41  Siege Tank  
  98  11:42  Medivac x2  
  98  11:46  Marine  
  109  11:51  Marine x3  
  89  11:57  Marine  
  89  11:58  Marine x2  
  73  12:04  Marine  
  73  12:07  Factory  
  73  12:08  Barracks  
  72  12:09  Marine x3  
  72  12:13  Siege Tank  
  72  12:14  Refinery  
  72  12:15  Marine x3  
  81  12:32  Marine x4  
  85  12:40  Marine x3  
  88  12:49  Marine  
  88  12:50  Raven, Marine x3  
  94  12:58  Marine  
  90  13:08  Marine x2  
  90  13:09  Marine x4  
  69  13:15  Siege Tank  
  67  13:20  Marine  
  67  13:26  Marine x3  
  71  13:29  Marauder  
  71  13:32  Factory Tech Lab, Raven, Barracks Reactor  
  75  13:37  Marine  
  75  13:45  Marine  
  75  13:46  Marauder  
  78  14:02  Marine x5  
  79  14:03  Marine  
  79  14:07  Marine  
Tags
 
Add a new tag
Caveats
  • Supply blocks, unpowered buildings, or Contaminate may cause inaccurate times.
  • Supply counts are checked every 10 seconds.